 Dungeon Crawl Stone Soup version 0.17-a0-1533-g2f57bce (webtiles) character file.

159 TheHolyPigeon the Magician (level 5, -1/28 HPs)
             Began as a Deep Elf Air Elementalist on July 16, 2015.
             Slain by an orc wizard
             ... wielding a +0 club
              (5 damage)
             ... on level 3 of the Dungeon.
             The game lasted 00:06:54 (2412 turns).

TheHolyPigeon the Magician (DEAE)                   Turns: 2412, Time: 00:06:54

Health: -1/28      AC:  3    Str:  5    XL:     5   Next: 17%
Magic:  8/16       EV: 13    Int: 21    God:
Gold:   94         SH:  0    Dex: 15    Spells: 1 memorised, 17 levels left

rFire  . . .     SeeInvis .     (no weapon)
rCold  . . .     Clarity  +     a - +1 robe
rNeg   . . .     SustAt   .     (no shield)
rPois  .         Gourm    .     (no helmet)
rElec  .         Spirit   .     (no cloak)
rCorr  .         Warding  .     (no gloves)
rMut   .         Stasis   .     (no boots)
MR     .....                    l - amulet of clarity
Stlth  ++........               (no ring)
                                (no ring)

@: slowed, very slow, not resistant to hostile enchantments, unstealthy
A: no striking features
a: no special abilities


You were on level 3 of the Dungeon.
You were not hungry.

You visited 1 branch of the dungeon, and saw 3 of its levels.

You collected 94 gold pieces.

Inventory:

Armour
 a - a +1 robe (worn)
Jewellery
 e - a cursed amulet of inaccuracy {unknown}
 l - an amulet of clarity (around neck)
Scrolls
 c - a scroll of enchant armour
 j - a scroll of recharging
Books
 b - a book of Air

   Spells                             Type                      Level
   a - Shock                          Conjuration/Air              1
   b - Swiftness                      Charms/Air                   2
   c - Repel Missiles                 Charms/Air                   2
   d - Static Discharge               Conjuration/Air              3
   e - Lightning Bolt                 Conjuration/Air              5
Comestibles
 f - a meat ration
 h - 2 fruits
 i - a beef jerky


   Skills:
 - Level 2.4 Dodging
 - Level 2.4 Stealth
 + Level 7.3 Spellcasting
 - Level 1.1 Conjurations
 - Level 3.0 Air Magic


You had 17 spell levels left.
You knew the following spells:

 Your Spells              Type           Power        Failure   Level  Hunger
a - Shock                 Conj/Air       ###.         4%          1    None


Dungeon Overview and Level Annotations

Branches:
Dungeon (3/15)

Altars:
Cheibriados
Nemelex Xobeh


Message History

Aiming: Shock
Press: ? - help, Shift-Dir - straight line, f/p - orc wizard
Aim: an orc wizard, wielding a dagger and wearing a robe (severely wounded, fast)
The zap hits the orc wizard.
You kill the orc wizard!
Your Spellcasting skill increases to level 7!
You have reached level 5!
The zap hits the orc.
You kill the orc!
The orc wizard gestures at you while chanting.
The magic dart hits you!
* * * LOW HITPOINT WARNING * * *
You aren't carrying any potions.
Read which item? (? for menu, Esc to quit)
Okay, then.
An orc comes into view. It is wielding a dagger.
The orc wizard gestures wildly while chanting.
The orc wizard blinks!
The orc wizard hits you with a club.
You die...

### #.o.# #. ..# #...#
#. #.# #.o.# #.# #.#
#.%.# #..
#.#####.?.#### #
#..####.....o........
#.#.......)............
#....o#.##.............
#.).#.@.#######...#####
.......#.# #...#
#.#..#...# #...#
#....#.##### #...####
#..#...#...###.#....#
#....#...........##.#
....#..........#####.#
.##...#........#####.##
#.#..................


You could see an orc wizard.

Vanquished Creatures
  2 orc wizards (D:3)
  3 adders
  3 oozes
  A worm (D:2)
  3 giant geckos
  4 orcs (D:3)
  3 bats
  2 giant cockroaches (D:1)
  7 hobgoblins
  3 giant newts
  9 goblins
  8 kobolds
  9 rats
57 creatures vanquished.

Notes
Turn   | Place    | Note
--------------------------------------------------------------
     0 | D:1      | TheHolyPigeon the Deep Elf Air Elementalist began the quest for the Orb.
     0 | D:1      | Reached XP level 1. HP: 10/10 MP: 6/6
   243 | D:1      | Reached skill level 4 in Spellcasting
   243 | D:1      | Reached XP level 2. HP: 15/15 MP: 2/9
   888 | D:2      | Reached XP level 3. HP: 16/19 MP: 9/11
   971 | D:2      | Reached skill level 5 in Spellcasting
  1310 | D:2      | Found a snail-covered altar of Cheibriados.
  1723 | D:2      | Reached skill level 6 in Spellcasting
  1723 | D:2      | Reached XP level 4. HP: 15/24 MP: 5/14
  2303 | D:3      | Found a sparkling altar of Nemelex Xobeh.
  2409 | D:3      | Reached skill level 7 in Spellcasting
  2409 | D:3      | Reached XP level 5. HP: 7/28 MP: 7/16
  2412 | D:3      | Slain by an orc wizard

Vault maps used:
D:1:      dpeg_arrival_ratfight
D:2:      lemuel_round_altar
D:3:      lemuel_zombie_altar_yredelemnul, nicolae_overflow_crystal_walls,
          minmay_misc_feat_pillars

Action                   |  1- 3 |  4- 6 || total
-------------------------+-------+-------++-------
Melee: Unarmed           |     2 |     1 ||     3
 Cast: Shock             |   103 |    35 ||   138
  Use: Scroll            |     4 |     3 ||     7
       Potion            |     1 |     1 ||     2
  Eat: Bread ration      |     1 |       ||     1
       Pizza             |     1 |       ||     1
